 Dungeon Crawl Stone Soup version 0.20-a0-970-gcd8f41e (webtiles) character file.

673425 Jarno the Conqueror (level 27, -12/273 HPs)
             Began as a Hill Orc Gladiator on Apr 7, 2017.
             Was the Champion of Zin.
             Killed from afar by an ancient champion (22 damage)
             ... with an iron shot
             ... led by an iron giant
             ... on level 7 of the Iron City of Dis on Apr 8, 2017.
             The game lasted 03:29:08 (72975 turns).

Jarno the Conqueror (Hill Orc Gladiator)           Turns: 72975, Time: 03:29:09

Health: -12/273    AC: 48    Str: 30    XL:     27
Magic:  0/40       EV: 11    Int: 11    God:    Zin [******]
Gold:   3947       SH:  0    Dex: 13    Spells: 27/27 levels left

rFire    + + +     SeeInvis .   a - +9 executioner's axe (holy)
rCold    + + .     Gourm    .   (shield currently unavailable)
rNeg     + . .     Faith    .   K - +11 gold dragon scales
rPois    +         Spirit   +   T - -2 hat of the Alchemist {rElec rPois rF+ rC+ rN+ MR+ rMut rCorr}
rElec    +         Reflect  .   e - +2 cloak {MR+}
rCorr    +         Harm     .   s - +2 pair of gloves {Str+3}
rMut     +                      W - +2 pair of boots {run}
MR       +++++                  U - amulet of guardian spirit
Stlth    ..........             y - ring "Lahyis" {rF++ MR+ Int+3 Dex-2 Slay+2}
Regen    0.0/turn               S - +6 ring of slaying
MPRegen  0.3/turn

@: about to teleport, short of breath, non-regenerating, mildly diseased, quick
A: no striking features
}: 4/15 runes: decaying, serpentine, silver, obsidian
a: Recite, Vitalisation, Imprison, Sanctuary, Donate Gold, Cure All Mutations,
Renounce Religion


You were on level 7 of the Iron City of Dis.
You worshipped Zin.
Zin was exalted by your worship.
You were very full.

You visited 13 branches of the dungeon, and saw 62 of its levels.
You also visited: Sewer and Ice Cave.

You collected 10095 gold pieces.
You spent 2850 gold pieces at shops.
You donated 3298 gold pieces to Zin.

Inventory:

Hand Weapons
 a - a +9 executioner's axe of holy wrath (weapon)
 b - the +8 frozen axe "Frostbite" {freezing cloud, *Noise +Fly rC+}
   (You took it off a frost giant on level 12 of the Dungeon)

   It has been specially enchanted to freeze those struck by it, causing extra
   injury to most foes and up to half again as much damage against particularly
   susceptible opponents.
   It can also slow down cold-blooded creatures.
   It protects you from cold.
   It lets you fly.
   It may make noises in combat.
Missiles
 w - 5 throwing nets
 Y - 16 silver javelins (quivered)
Armour
 e - a +2 cloak of magic resistance (worn)
 s - a +2 pair of gloves of strength (worn)
 K - +11 gold dragon scales (worn)
 R - a +2 pair of boots of flying
 T - the -2 hat of the Alchemist (worn) {rElec rPois rF+ rC+ rN+ MR+ rMut rCorr}
   (You found it on level 5 of the Vaults)

   It protects you from fire.
   It protects you from cold.
   It insulates you from electricity.
   It protects you from poison.
   It protects you from negative energy.
   It affects your resistance to hostile enchantments.
   It protects you from acid and corrosion.
   It protects you from mutation.
 W - a +2 pair of boots of running (worn)
Jewellery
 m - a +4 ring of evasion
 x - an uncursed ring of see invisible
 y - the ring "Lahyis" (left hand) {rF++ MR+ Int+3 Dex-2 Slay+2}
   (You found it on level 14 of the Dungeon)

   [ring of intelligence]

   It affects your intelligence (+3).
   It affects your dexterity (-2).
   It affects your accuracy and damage with ranged weapons and melee attacks
   (+2).
   It greatly protects you from fire.
   It affects your resistance to hostile enchantments.
 S - a +6 ring of slaying (right hand)
 U - an amulet of guardian spirit (around neck)
 X - an uncursed amulet of rage
Wands
 d - a wand of digging (18/24)
 p - a wand of acid (9/15)
 N - a wand of iceblast (4/15)
Scrolls
 h - 11 scrolls of remove curse
 j - 7 scrolls of fog
 l - 12 scrolls of amnesia
 o - 4 scrolls of summoning
 A - 12 scrolls of identify
 D - 6 scrolls of teleportation
 G - 5 scrolls of blinking
 H - 5 scrolls of fear
 L - 3 scrolls of enchant weapon
 O - 5 scrolls of magic mapping
 Q - 12 scrolls of recharging
Potions
 c - 2 potions of haste
 g - 10 potions of curing
 i - a potion of heal wounds
 n - 2 potions of cancellation
 q - 3 potions of berserk rage
 r - 3 potions of flight
 t - 6 potions of agility
 z - 3 potions of invisibility
 B - 2 potions of ambrosia
 C - 2 potions of resistance
 I - 2 potions of brilliance
 P - 2 potions of might
 Z - 9 potions of magic
Miscellaneous
 k - 2 sacks of spiders
 u - a fan of gales
 E - a lamp of fire
 J - 3 phantom mirrors
 M - a phial of floods
 V - a lightning rod (3/4)
Comestibles
 f - 28 bread rations
 v - 6 meat rations


   Skills:
 O Level 27 Fighting
 O Level 27 Axes
   Level 2.1(16.3) Maces & Flails
 - Level 2.0 Throwing
 O Level 27 Armour
 + Level 5.5 Dodging
 - Level 0.3 Stealth
   Level 11.4 Shields
 + Level 1.3 Unarmed Combat
 + Level 0.8 Spellcasting
 O Level 27 Invocations
 * Level 13.8 Evocations


You had 27 spell levels left.
You didn't know any spells.

Dungeon Overview and Level Annotations

Branches:
Dungeon (15/15)            Temple (1/1) D:4            Lair (6/6) D:9
  Swamp (4/4) Lair:3        Snake (4/4) Lair:4        Slime (0/5) Lair:5
    Orc (2/2) D:9             Elf (3/3) Orc:2        Vaults (5/5) D:14
  Crypt (3/3) Vaults:3       Tomb (0/3) Crypt:3      Depths (5/5) D:15
   Hell (1/1)                 Dis (7/7) Hell            Geh (7/7) Hell
    Zot (0/5) Depths:5
    Coc: Hell:1         Tar: Hell:1

Altars:
Ashenzari
Cheibriados
Dithmenos
Elyvilon
Fedhas
Gozag
Hepliaklqana
Kikubaaqudgha
Makhleb
Nemelex Xobeh
Okawaru
Qazlal
Ru
Sif Muna
Trog
Uskayaw
Vehumet
Wu Jian
Xom
Yredelemnul
Zin
The Shining One
Beogh

Shops:
D:9 }   D:11 [   D:15 %   Orc:1 =   Orc:2 ([[(*   Elf:3 (   Snake:2 [*(
Snake:4 ==}   Depths:5 *

Portals:
Hell: Depths:1 Depths:2 Depths:3 Depths:4 Depths:5
Abyss: Depths:1 Depths:4 Depths:5
Pandemonium: Depths:2 Depths:3
Ziggurat: Depths:2

Annotations:
Lair:5 exclusion: 2 oklob plants
Elf:2 3 runed doors


Message History

You open the ancient champion like a pillowcase!!!
The ancient champion convulses!!!
You destroy the ancient champion!
Zin accepts your kill.
You hit the ancient champion but do no damage. x2
You slash the iron giant!
The ancient champion gestures at you while chanting.
The iron shot hits you!
* * * LOW HITPOINT WARNING * * *
The ancient champion gestures at you while chanting.
The stone arrow misses you. The iron giant casts a spell at you.
The iron shot hits you!
* * * LOW HITPOINT WARNING * * *
Okay, then.
You don't have enough magic at the moment.
You feel much better.
The ancient champion points at you and mumbles some strange words.
The iron shot hits you!
You die...

##........#''##
...8..######.........#..#.
.................... #..#.
.................. #..+.
#... ..........# #..+.
#... #''#..).# ####.
#...##..##.))##########.
#...'.z.z'...'........'.
#...C1z@)'[..'........'.
#...##C.##...##########.
#.. #''#....# ####. #..
..........# #..'. ...
............. #..'. ..
2............... #..#. .
...######....... #..#. ..#
##...... #''## #..#.


You could see 2 iron giants, a Hell Sentinel and 3 ancient champions.

Vanquished Creatures
  Asmodeus (Geh:7)
  3 ancient liches
  A greater mummy (Depths:3)
  Vashnia (Snake:2)
  Xtahua (Vaults:3)
  Geryon (Hell)
  A golden dragon (Vaults:5)
  4 bone dragons
  8 Brimstone Fiends
  A Tzitzimitl (Dis:7)
  8 iron giants (Dis:7)
  9 Hell Sentinels (Dis:7)
  4 tentacled monstrosities
  A shard shrike skeleton (Crypt:2)
  Asterion (Vaults:3)
  5 titans
  2 quicksilver dragons
  A quicksilver dragon (shapeshifter) (Vaults:5)
  A deep elf blademaster (Elf:3)
  6 sphinxes
  6 liches
  A sphinx (shapeshifter) (Depths:2)
  11 tengu reavers
  An Executioner (Dis:4)
  2 thorn hunters
  Frances (D:14)
  8 shadow dragons
  Kirke (Elf:1)
  4 revenants
  4 storm dragons
  12 ancient champions
  Donald (Vaults:2)
  19 fire giants
  7 nagarajas
  13 frost giants
  Aizul (Vaults:3)
  17 iron dragons
  10 balrugs
  12 vault wardens
  3 deep elf sorcerers (Elf:3)
  A draconian scorcher (Depths:5)
  5 deep elf elementalists
  An orc warlord (Vaults:5)
  A draconian shifter (Depths:5)
  4 cacodemons (Dis:7)
  A draconian stormcaller (Depths:5)
  Louise (Swamp:4)
  2 ghouls
  3 curse skulls
  A spriggan defender (Depths:4)
  13 ironheart preservers
  24 very ugly things
  27 stone giants
  11 deep elf demonologists
  19 war gargoyles
  21 reapers
  A yellow draconian (Depths:5)
  A lorocyproca (Hell)
  2 black draconians (Depths:5)
  7 vampire knights
  9 deep elf annihilators
  An entropy weaver (Lair:5)
  2 red draconians (Depths:5)
  A white draconian (Depths:5)
  8 eidola
  2 spark wasps (Depths:2)
  A merfolk javelineer (Depths:1)
  3 quicksilver dragon zombies
  7 deep elf death magi
  14 ettins
  2 blizzard demons (Hell)
  14 fire dragons
  11 ogre magi
  5 jiangshi
  2 green deaths
  2 merfolk impalers (Depths:1)
  13 yaktaur captains
  Josephine (D:15)
  8 deep elf high priests
  6 great orbs of eyes
  29 vault guards
  21 naga warriors
  7 ice dragons
  A quicksilver dragon skeleton (Geh:7)
  Harold (Lair:1)
  Erica (Lair:1)
  A hell beast (Depths:1)
  5 rakshasas
  24 hydras
  13 anacondas
  9 centaur warriors
  5 alligators
  7 spriggan air magi
  4 death knights
  31 two-headed ogres
  15 dancing weapons
  3 deep troll shamans
  11 hell hogs
  5 deep troll earth magi
  5 vampire magi
  4 tengu warriors
  23 naga sharpshooters
  18 sun demons
  4 soul eaters (Hell)
  7 spriggan berserkers
  16 iron golems
  18 deep elf knights
  2 titan zombies
  A storm dragon zombie (Dis:2)
  Nergalle (D:11)
  8 shock serpents
  21 hell knights
  A shadow wraith (Crypt:3)
  27 skeletal warriors
  11 deep trolls
  8 salamander mystics
  An unseen horror (shapeshifter) (D:15)
  A spark wasp zombie (Depths:3)
  A titan skeleton (Geh:3)
  5 golden dragon zombies
  6 sea snakes
  19 iron trolls
  10 naga ritualists
  14 swamp dragons
  2 ghost moth zombies (Dis:4)
  2 spriggan druids
  6 glowing orange brains
  2 anaconda zombies
  A deep troll (shapeshifter) (Vaults:5)
  3 shambling mangroves
  8 wizards
  16 flayed ghosts
  5 unseen horrors
  2 anaconda skeletons
  19 ironbrand convokers
  6 golden dragon skeletons
  7 shadow dragon zombies
  19 phantasmal warriors
  2 tengu zombies (Depths:3)
  A harpy (shapeshifter) (Vaults:3)
  14 necromancers
  22 deep elf archers
  3 harpies (Vaults:1)
  9 orc sorcerers
  A sphinx zombie (Crypt:2)
  16 orc knights
  4 fire giant zombies
  17 mana vipers
  A wolf spider (shapeshifter) (Vaults:5)
  45 ugly things
  A faun (shapeshifter) (Depths:2)
  3 iron dragon zombies
  A moth of wrath (shapeshifter) (Elf:3)
  A shining eye (shapeshifter) (Vaults:5)
  4 wolf spider zombies
  A manticore (Lair:4)
  2 stone giant zombies
  6 cyclopes
  A frost giant zombie (Dis:5)
  17 salamanders
  75 deep elf magi
  An elephant (shapeshifter) (Vaults:5)
  8 wolf spiders
  9 elephants
  An ice statue (IceCv)
  14 fire giant skeletons
  A stone giant skeleton (Geh:7)
  2 shock serpent zombies
  4 iron dragon skeletons
  A salamander (shapeshifter) (Vaults:4)
  A spriggan zombie (Depths:3)
  42 black mambas
  4 frost giant skeletons
  3 guardian serpents
  47 rust devils
  2 dire elephant zombies
  14 spiny frogs
  5 smoke demons
  An alligator snapping turtle zombie (Crypt:2)
  6 gargoyles
  12 vault sentinels
  The ghost of quik the Charmwright, a novice BuSk of Cheibriados (D:5)
  An eye of devastation (shapeshifter) (Vaults:5)
  2 spiny frogs (shapeshifter)
  14 naga magi
  A pale draconian zombie (Crypt:1)
  9 molten gargoyles
  2 emperor scorpion zombies
  A dire elephant skeleton (Geh:4)
  17 freezing wraiths
  8 centaur skeletons
  19 hellions
  51 yaktaurs
  9 rime drakes
  6 tormentors
  7 komodo dragons
  A red draconian skeleton (Crypt:1)
  5 guardian mummies
  A harpy zombie (Geh:7)
  14 ice devils
  7 polar bears
  18 red devils
  5 tengu conjurers
  3 hydra zombies
  11 trolls
  24 hornets
  6 tyrant leeches
  2 harpy skeletons
  A hydra skeleton (Crypt:1)
  A meliai (shapeshifter) (Vaults:5)
  2 polar bears (shapeshifter) (Vaults:5)
  8 dream sheep (Lair:6)
  11 blink frogs
  A dream sheep (shapeshifter) (Vaults:5)
  15 hippogriffs
  An alligator zombie (Geh:7)
  6 bog bodies
  2 ettin zombies
  4 ice dragon zombies
  34 slime creatures
  2 frost giant simulacra (Vaults:1)
  17 air elementals
  2 fire dragon zombies
  2 hippogriffs (shapeshifter)
  A fire giant simulacrum (Vaults:3)
  A meliai zombie (D:15)
  32 flying skulls
  3 alligator skeletons
  3 ettin skeletons
  2 ice dragon skeletons
  18 spriggans
  24 wraiths
  A spriggan skeleton (Depths:1)
  12 shadows
  10 wyverns
  24 yaks
  A black mamba zombie (Dis:4)
  4 elf zombies
  15 water elementals
  Grum (Lair:1)
  2 tarantellas (shapeshifter)
  9 fire elementals
  6 fire dragon skeletons
  10 basilisks
  3 steam dragons (D:9)
  10 vampire mosquitoes
  4 hungry ghosts
  12 wargs
  Menkaure (D:6)
  A spatial vortex (Dis:7)
  50 nagas
  3 acid dragons
  A swamp worm (shapeshifter) (Depths:2)
  21 swamp worms
  An ogre zombie (Vaults:1)
  16 insubstantial wisps
  A floating eye (Depths:2)
  A merfolk zombie (Crypt:1)
  29 soldier ants
  20 water moccasins
  Duvessa (D:5)
  40 hell hounds
  10 porcupines
  A spiny frog skeleton (Crypt:3)
  14 swamp drakes
  2 floating eyes (shapeshifter)
  4 spiny frog zombies
  A merfolk skeleton (Geh:4)
  49 orc warriors
  5 black bears
  An ice beast (shapeshifter) (D:15)
  5 sky beasts
  2 manticore zombies
  6 human zombies
  A swamp dragon zombie (Dis:7)
  4 ice beasts
  11 necrophages
  An alligator simulacrum (Hell)
  6 eyes of draining
  5 phantoms
  An ogre (shapeshifter) (D:15)
  5 boggarts (Lair:6)
  An elf skeleton (Vaults:1)
  An eye of draining (shapeshifter) (Depths:1)
  An elephant skeleton (Crypt:1)
  26 wolves
  A crocodile (shapeshifter) (Vaults:5)
  28 centaurs
  A manticore skeleton (Geh:7)
  34 ogres
  11 crocodiles
  2 big kobolds
  A yaktaur zombie (Crypt:2)
  Blork the orc (D:5)
  2 gnoll sergeants
  10 bullfrogs
  5 earth elementals
  Dowan (D:5)
  A cyclops skeleton (Crypt:1)
  3 wyvern skeletons
  9 human skeletons
  A troll zombie (Dis:7)
  3 scorpions
  A snapping turtle simulacrum (Crypt:1)
  A yak zombie (Crypt:2)
  7 killer bees
  An orc simulacrum (Vaults:2)
  A polar bear skeleton (Crypt:2)
  A warg skeleton (Crypt:1)
  39 wights
  8 electric eels
  A bullfrog zombie (D:12)
  16 crimson imps
  8 centaur zombies
  8 hounds
  2 quasits
  49 iron imps
  6 jellies
  22 orc priests
  A bullfrog skeleton (D:11)
  An iguana (D:7)
  48 orc wizards
  6 hell rats (Hell)
  29 worker ants
  A killer bee zombie (D:6)
  A naga zombie (Geh:7)
  A crocodile skeleton (Crypt:2)
  22 mummies
  3 hound zombies
  A howler monkey zombie (Crypt:1)
  A worker ant zombie (D:9)
  9 gnolls
  22 adders
  3 river rats
  5 shadow imps
  9 white imps
  3 ufetubi (IceCv)
  An ooze (D:3)
  2 adder zombies
  2 adder skeletons
  3 worms
  3 dart slugs
  9 leopard geckos
  131 orcs
  9 bats
  10 giant cockroaches
  6 goblins
  8 hobgoblins
  13 jackals
  4 quokkas
  A ball python (D:3)
  5 frilled lizards
  A goblin zombie (Crypt:1)
  2 jackal skeletons
  20 kobolds
  A kobold skeleton (Crypt:1)
  An orc skeleton (Crypt:2)
  2 orc zombies
  A quokka skeleton (D:8)
  12 rats
  A rat zombie (Crypt:1)
  7 briar patches
  4 bushes (D:15)
  3 crawling corpses (Elf:3)
  3 fungi
  16 pillars of salt
  2 plants
  8 withered plants (Crypt:3)
3053 creatures vanquished.

Vanquished Creatures (others)
  A lich (Vaults:4)
  An eldritch tentacle (Geh:7)
  A fire giant (Depths:2)
  A reaper (IceCv)
  A quicksilver dragon zombie (Geh:7)
  A vault guard (Vaults:5)
  An alligator (Swamp:3)
  A hell hog (Hell)
  Urug (D:11)
  A spriggan druid (Swamp:3)
  A deep elf mage (Vaults:1)
  A hellion (Geh:7)
  A dire elephant skeleton (Geh:7)
  A guardian mummy (Depths:3)
  5 flying skulls (Crypt:2)
  3 humans (Elf:1)
  A sky beast (D:9)
  A killer bee (D:11)
  A crimson imp (Geh:7)
  2 orc wizards (Orc:2)
  2 iron imps (Dis:7)
  2 white imps (IceCv)
  8 ufetubi (IceCv)
  2 orcs
  A kobold (Sewer)
  A kobold zombie (Geh:4)
  A briar patch (Swamp:3)
  12 fungi
  43 pillars of salt
  8 plants
107 creatures vanquished.

Grand Total: 3160 creatures vanquished

Notes
Turn   | Place    | Note
-------+----------+-------------------------------------------
     0 | D:1      | Jarno the Hill Orc Gladiator began the quest for the Orb.
     0 | D:1      | Reached XP level 1. HP: 18/18 MP: 1/1
     3 | D:1      | Noticed an electric eel
     3 | D:1      | Noticed an electric eel
   134 | D:1      | Reached XP level 2. HP: 25/25 MP: 2/2
   533 | D:1      | Reached XP level 3. HP: 26/30 MP: 3/3
  1196 | D:2      | Found a shattered altar of Ashenzari.
  1363 | D:2      | Reached skill level 1 in Armour
  1436 | D:2      | Reached XP level 4. HP: 38/38 MP: 4/4
  1647 | D:2      | Found an ornate altar of the Wu Jian Council.
  1781 | D:2      | Reached skill level 5 in Axes
  2284 | D:3      | Upgraded the game from 0.20-a0-960-ge493e74 to 0.20-a0-970-gcd8f41e
  2380 | D:3      | Reached XP level 5. HP: 44/45 MP: 5/5
  2523 | D:3      | Found a glowing drain.
  2527 | Sewer    | Entered a sewer
  2531 | Sewer    | Reached skill level 1 in Shields
  2641 | Sewer    | Noticed a big kobold
  2698 | Sewer    | Killed a big kobold
  2698 | Sewer    | Reached XP level 6. HP: 44/51 MP: 6/6
  2764 | Sewer    | Found a white marble altar of Elyvilon.
  3071 | D:3      | You fall through a shaft for 2 floors!
  3071 | D:5      | Entered Level 5 of the Dungeon
  3098 | D:5      | Found an opulent altar of Gozag.
  3176 | D:5      | Noticed quik's ghost (novice BuSk)
  3482 | D:3      | Found an iron altar of Okawaru.
  3760 | D:4      | Found a bloodstained altar of Trog.
  3760 | D:4      | Noticed an eye of draining
  3761 | D:4      | Noticed an eye of draining
  3791 | D:4      | Killed an eye of draining
  3819 | D:4      | Killed an eye of draining
  3819 | D:4      | Reached XP level 7. HP: 58/58 MP: 0/7
  4045 | D:4      | Found a staircase to the Ecumenical Temple.
  4056 | Temple   | Entered the Ecumenical Temple
  4224 | Temple   | Became a worshipper of Zin the Law-Giver
  4224 | Temple   | Reached * piety under Zin
  4382 | D:5      | Killed quik's ghost
  4382 | D:5      | Reached XP level 8. HP: 11/67 MP: 7/9
  4774 | D:5      | Noticed Duvessa
  4776 | D:5      | Noticed Dowan
  4797 | D:5      | Killed Duvessa
  4817 | D:5      | Killed Dowan
  5275 | D:5      | Noticed Blork the orc
  5283 | D:5      | Killed Blork the orc
  5283 | D:5      | Reached skill level 5 in Fighting
  5561 | D:6      | Reached ** piety under Zin
  5590 | D:6      | Found an opulent altar of Gozag.
  5594 | D:6      | Noticed Menkaure
  5602 | D:6      | Killed Menkaure
  5686 | D:6      | Reached XP level 9. HP: 65/74 MP: 12/12
  5735 | D:6      | Reached skill level 5 in Invocations
  5835 | D:6      | Reached skill level 10 in Axes
  5887 | D:6      | Found a blossoming altar of Fedhas.
  6365 | D:7      | Reached skill level 5 in Armour
  6381 | D:7      | Reached *** piety under Zin
  7304 | D:8      | Found a deep blue altar of Sif Muna.
  7497 | D:8      | Reached XP level 10. HP: 74/84 MP: 15/15
  7950 | D:9      | Reached **** piety under Zin
  7988 | D:9      | Found a staircase to the Lair.
  8210 | D:9      | Donated 235 gold pieces to Zin
  8238 | D:9      | Found Mompirag's Gadget Emporium.
  8276 | D:9      | Found a staircase to the Orcish Mines.
  8279 | D:9      | Bought a wand of lightning (7/15) for 176 gold pieces
  8624 | D:9      | Reached ***** piety under Zin
  8820 | D:9      | Paralysed by a hornet for 3 turns
  8824 | D:9      | Paralysed by a hornet for 1 turns
  8827 | D:9      | Paralysed by a hornet for 3 turns
  8947 | D:9      | Paralysed by a hornet for 1 turns
  9413 | D:9      | Reached XP level 11. HP: 93/93 MP: 17/17
  9690 | Orc:1    | Entered Level 1 of the Orcish Mines
  9777 | Orc:1    | Found Dafew's Jewellery Emporium.
  9898 | Orc:1    | Noticed a two-headed ogre
  9910 | Orc:1    | Killed a two-headed ogre
  9910 | Orc:1    | Reached skill level 1 in Evocations
  9990 | Orc:1    | Reached ****** piety under Zin
 10110 | Orc:2    | Entered Level 2 of the Orcish Mines
 10351 | Orc:2    | Found a roughly hewn altar of Beogh.
 10405 | Orc:2    | Found Piakhigirgh's Antique Armour Shoppe.
 10461 | Orc:2    | Bought a runed shield for 217 gold pieces
 10563 | Orc:2    | Noticed an orc sorcerer
 10571 | Orc:2    | Killed an orc sorcerer
 10578 | Orc:2    | Reached skill level 10 in Invocations
 10581 | Orc:2    | Noticed an orc sorcerer
 10601 | Orc:2    | Noticed an orc sorcerer
 10608 | Orc:2    | Killed an orc sorcerer
 10614 | Orc:2    | Killed an orc sorcerer
 10630 | Orc:2    | Noticed an orc sorcerer
 10645 | Orc:2    | Killed an orc sorcerer
 10939 | Orc:2    | Noticed an orc sorcerer
 10939 | Orc:2    | Found Fyddelirph's Armour Shop.
 10939 | Orc:2    | Found Daufun's Antique Weapon Emporium.
 10944 | Orc:2    | Paralysed by an orc sorcerer for 7 turns
 10962 | Orc:2    | Paralysed by an orc sorcerer for 2 turns
 10966 | Orc:2    | Killed an orc sorcerer
 11084 | Orc:2    | Bought a broad axe for 104 gold pieces
 11223 | Orc:2    | Noticed an orc sorcerer
 11242 | Orc:2    | Killed an orc sorcerer
 11270 | Orc:2    | Found a staircase to the Elven Halls.
 11430 | Orc:2    | Found a roughly hewn altar of Beogh.
 11433 | Orc:2    | Noticed an orc knight
 11453 | Orc:2    | Reached skill level 5 in Shields
 11454 | Orc:2    | Killed an orc knight
 11454 | Orc:2    | Reached XP level 12. HP: 59/104 MP: 18/20
 11613 | Orc:2    | Found Nesat's Assorted Antiques.
 11613 | Orc:2    | Found Erhag's Weapon Emporium.
 11636 | Orc:2    | Bought a distressingly furry buckler for 199 gold pieces
 11647 | Orc:2    | Identified the -7 buckler "Wunem" {Int+3} (You bought it in a shop on level 2 of the Orcish Mines)
 11728 | Orc:2    | Reached skill level 15 in Axes
 11729 | Orc:2    | Found a roughly hewn altar of Beogh.
 12072 | D:10     | Entered Level 10 of the Dungeon
 13245 | Lair:1   | Entered Level 1 of the Lair of Beasts
 13490 | Lair:2   | Found a frozen archway.
 13494 | IceCv    | Entered an ice cave
 13564 | IceCv    | Killed a reaper
 14165 | IceCv    | Reached skill level 10 in Fighting
 14203 | IceCv    | Identified a +0 pair of boots of running (You found it in an ice cave)
 14544 | IceCv    | Got a warped mace
 14545 | IceCv    | Identified the cursed +0 mace "Fizuczul" {speed, rC- rN+ MR+} (You found it in an ice cave)
 15235 | Lair:1   | Noticed Erica
 15258 | Lair:1   | Killed Erica
 15258 | Lair:1   | Reached XP level 13. HP: 103/113 MP: 22/22
 15298 | Lair:1   | Noticed Harold
 15308 | Lair:1   | Killed Harold
 15737 | Lair:1   | Got a ruby-encrusted ring mail
 15751 | Lair:1   | Identified the cursed +1 ring mail of the Shrike {Slay+3} (You found it on level 1 of the Lair of Beasts)
 15770 | Lair:1   | Noticed Grum
 15786 | Lair:1   | Killed Grum
 17011 | Lair:3   | Found a staircase to the Swamp.
 17290 | Lair:4   | Found a staircase to the Snake Pit.
 17512 | Lair:4   | Reached skill level 5 in Dodging
 18644 | Lair:5   | Found a white marble altar of Elyvilon.
 18657 | Lair:5   | Found a staircase to the Slime Pits.
 18785 | Lair:5   | Reached XP level 14. HP: 124/124 MP: 24/24
 19107 | Lair:6   | Entered Level 6 of the Lair of Beasts
 19118 | Lair:6   | Reached skill level 10 in Shields
 19287 | Lair:6   | Reached skill level 1 in Maces & Flails
 19727 | Lair:6   | Reached skill level 10 in Armour
 20213 | Lair:6   | Noticed an entropy weaver
 20234 | Lair:6   | Noticed an entropy weaver
 20470 | Lair:5   | Killed an entropy weaver
 21777 | Lair:6   | Got a slimy battleaxe
 21784 | Lair:6   | Identified the +10 battleaxe of Zeivaroe {pain, rElec Str+4 Int+4} (You found it on level 6 of the Lair of Beasts)
 22313 | D:11     | Found Fuepeg's Armour Shop.
 22317 | D:11     | Bought a +2 pair of gloves for 231 gold pieces
 22752 | D:11     | Noticed Nergalle
 22771 | D:11     | Killed Nergalle
 22915 | D:11     | Noticed Urug
 22925 | D:11     | Killed Urug
 23489 | D:12     | Noticed a frost giant
 23509 | D:12     | Reached XP level 15. HP: 24/135 MP: 26/26
 23824 | D:12     | Reached skill level 15 in Invocations
 23975 | D:12     | Killed a frost giant
 26158 | D:14     | Noticed Frances
 26176 | D:15     | Entered Level 15 of the Dungeon
 26188 | D:15     | Noticed Josephine
 26201 | D:15     | Killed Josephine
 26497 | D:15     | Found Kyezum's Food Shop.
 27261 | D:15     | Reached XP level 16. HP: 146/146 MP: 27/27
 27295 | D:15     | Found a staircase to the Depths.
 27688 | Swamp:1  | Entered Level 1 of the Swamp
 28027 | Orc:1    | Bought a +4 ring of evasion for 540 gold pieces
 29369 | Swamp:3  | Noticed a thorn hunter
 29384 | Swamp:3  | Killed a thorn hunter
 29973 | Orc:2    | Bought a runed dire flail for 147 gold pieces
 30196 | Swamp:4  | Entered Level 4 of the Swamp
 31000 | Swamp:4  | Noticed Louise
 31110 | Snake:1  | Entered Level 1 of the Snake Pit
 32367 | Snake:2  | Noticed a nagaraja
 32373 | Snake:2  | Killed a nagaraja
 32373 | Snake:2  | Reached skill level 15 in Fighting
 32373 | Snake:2  | Reached XP level 17. HP: 151/156 MP: 28/28
 32526 | Snake:2  | Found Nuishuruori's Antique Weapon Boutique.
 32758 | Snake:2  | Noticed Vashnia
 32785 | Snake:2  | Killed Vashnia
 33206 | Snake:2  | Found Waev's Antique Armour Shoppe.
 33346 | Snake:2  | Found Wopteusas's Assorted Antiques.
 33349 | Snake:2  | Bought a runed cloak for 232 gold pieces
 33369 | Snake:2  | Bought a scroll of teleportation for 81 gold pieces
 33369 | Snake:2  | Bought a scroll of blinking for 202 gold pieces
 34985 | Snake:3  | Found a snail-covered altar of Cheibriados.
 34998 | Snake:3  | Identified the Collected Works on Calling
 35496 | Snake:4  | Entered Level 4 of the Snake Pit
 36050 | Snake:4  | Found Izarghi's Gadget Emporium.
 36050 | Snake:4  | Found Vivoodoo's Jewellery Shop.
 36051 | Snake:4  | Found Ibauhof's Jewellery Shop.
 36195 | Snake:4  | Reached XP level 18. HP: 163/167 MP: 29/29
 36373 | Snake:4  | Reached skill level 15 in Armour
 37908 | Snake:4  | Got a serpentine rune of Zot
 38538 | Depths:1 | Entered Level 1 of the Depths
 38631 | Depths:1 | Found a one-way gate to the infinite horrors of the Abyss.
 38734 | Depths:1 | Reached XP level 19. HP: 107/177 MP: 21/30
 39180 | D:14     | Got a flickering tin ring
 39181 | D:14     | Identified the ring "Lahyis" {rF++ MR+ Int+3 Dex-2 Slay+2} (You found it on level 14 of the Dungeon)
 39204 | D:14     | Found a gate to the Vaults.
 39329 | D:14     | Killed Frances
 39717 | Vaults:1 | Entered Level 1 of the Vaults
 41279 | Elf:1    | Entered Level 1 of the Elven Halls
 41319 | Elf:1    | Noticed Kirke
 41326 | Elf:1    | Killed Kirke
 41351 | Elf:1    | Reached XP level 20. HP: 189/189 MP: 31/31
 41663 | Elf:1    | Identified Wedeut's Tome of Attacks
 41828 | Elf:1    | Found a deep blue altar of Sif Muna.
 42680 | Elf:2    | Found a runed gate.
 42684 | Elf:2    | Found a runed gate.
 42684 | Elf:2    | Found a runed gate.
 42830 | Elf:3    | Entered Level 3 of the Elven Halls
 43203 | Elf:3    | Found Carayda's Weapon Shoppe.
 44634 | Elf:3    | Reached XP level 21. HP: 180/198 MP: 28/32
 45225 | Elf:3    | Identified the Reference Book on Feathers
 45839 | Vaults:2 | Found a roughly hewn altar of Beogh.
 46340 | Vaults:2 | Reached skill level 5 in Evocations
 46549 | Vaults:2 | Noticed Donald
 46565 | Vaults:2 | Killed Donald
 47026 | Vaults:3 | Noticed Asterion
 47041 | Vaults:3 | Killed Asterion
 47425 | Vaults:3 | Found a staircase to the Crypt.
 47770 | Vaults:3 | Noticed Xtahua
 47788 | Vaults:3 | Killed Xtahua
 48316 | Vaults:3 | Reached XP level 22. HP: 176/207 MP: 30/34
 48410 | Vaults:3 | Noticed Aizul
 48423 | Vaults:3 | Killed Aizul
 50347 | Swamp:4  | Killed Louise
 51510 | Swamp:4  | Got a decaying rune of Zot
 52100 | Vaults:5 | Entered Level 5 of the Vaults
 52120 | Vaults:5 | Reached XP level 23. HP: 208/215 MP: 36/38
 52186 | Vaults:5 | Noticed a golden dragon
 52221 | Vaults:5 | Killed a golden dragon
 52987 | Vaults:5 | Noticed an ancient lich
 53352 | Vaults:5 | Got a silver rune of Zot
 53382 | Vaults:5 | Got a transparent iron ring
 53409 | Vaults:5 | Killed an ancient lich
 53437 | Vaults:5 | Identified the ring of Fekuawone {rF+ Str+4 Dex+2} (You took it off a yaktaur captain on level 5 of the Vaults)
 53441 | Vaults:5 | Identified 2 scrolls of acquirement
 53449 | Vaults:5 | Got an encrusted scarf
 53450 | Vaults:5 | Identified the scarf "Newyteef" {rElec MR+ Str+4 Int+3} (You acquired it on level 5 of the Vaults)
 53614 | Vaults:5 | Reached XP level 24. HP: 184/229 MP: 35/38
 53932 | Vaults:5 | Identified the +6 plate armour of Distant Shores {rC+ Slay+3} (You found it on level 5 of the Vaults)
 54109 | Vaults:5 | Got a shimmering steel ring
 54170 | Vaults:5 | Identified the ring of Arrival {rPois rF+ MR- Str+8 Dex-3} (You took it off a fire giant on level 5 of the Vaults)
 54595 | Vaults:5 | Identified Sif Muna's Catalogue of Shifting Toxins
 54603 | Vaults:5 | Identified the Volume of the Damaging Glacier
 55137 | Depths:1 | Found a gateway to Hell.
 55965 | Depths:2 | Found a gateway to a ziggurat.
 56877 | Depths:2 | Found a one-way gate leading to the halls of Pandemonium.
 56985 | Depths:2 | Found a glowing silver altar of Zin.
 58219 | Depths:3 | Reached XP level 25. HP: 241/243 MP: 38/38
 58328 | Depths:3 | Noticed a greater mummy
 58337 | Depths:3 | Killed a greater mummy
 59188 | Temple   | Fell from the grace of Zin
 59188 | Temple   | Became a worshipper of the Shining One
 59188 | Temple   | Reached * piety under the Shining One
 59188 | Temple   | Reached ** piety under the Shining One
 59188 | Temple   | Reached *** piety under the Shining One
 59811 | Crypt:1  | Entered Level 1 of the Crypt
 59828 | Crypt:1  | Reached **** piety under the Shining One
 59915 | Crypt:1  | Reached ***** piety under the Shining One
 60595 | Crypt:2  | Reached ****** piety under the Shining One
 60607 | Crypt:2  | Found a basalt altar of Yredelemnul.
 60620 | Crypt:2  | Identified an executioner's axe of holy wrath (an executioner's axe blessed by the Shining One)
 60620 | Crypt:2  | Received a gift from the Shining One
 61322 | Depths:2 | Fell from the grace of the Shining One
 61322 | Depths:2 | Became a worshipper of Zin the Law-Giver
 61324 | Depths:2 | Donated 2678 gold pieces to Zin
 61665 | Crypt:3  | Entered Level 3 of the Crypt
 62317 | Crypt:3  | Found a staircase to the Tomb.
 62319 | Crypt:3  | Noticed an ancient lich
 62326 | Crypt:3  | Killed an ancient lich
 62445 | Crypt:3  | Noticed an ancient lich
 62463 | Crypt:3  | Killed an ancient lich
 62990 | Crypt:3  | Identified the ring of the Special Yaks {rPois rC+ EV+1 Dex+2} (You found it on level 3 of the Crypt)
 63560 | Hell     | Entered the Vestibule of Hell
 63560 | Hell     | Noticed Geryon
 63580 | Hell     | Killed Geryon
 63580 | Hell     | Reached XP level 26. HP: 195/259 MP: 30/38
 63602 | Hell     | Found a gateway to the ashen valley of Gehenna.
 65144 | Depths:5 | Entered Level 5 of the Depths
 65157 | Depths:5 | Reached skill level 27 in Fighting
 65297 | Depths:5 | Found Zyadear's Assorted Antiques.
 65322 | Depths:5 | Bought a clouded jade ring for 185 gold pieces
 65322 | Depths:5 | Bought a scroll of blinking for 277 gold pieces
 65322 | Depths:5 | Bought a potion of curing for 111 gold pieces
 65322 | Depths:5 | Bought a potion of might for 148 gold pieces
 65324 | Depths:5 | Identified the ring "Utastrueh" {*Tele rN+ Int+6} (You bought it in a shop on level 5 of the Depths)
 65406 | Depths:5 | Found a gate to the Realm of Zot.
 65450 | Depths:5 | Reached XP level 27. HP: 219/273 MP: 34/38
 66229 | Geh:1    | Entered Level 1 of Gehenna
 66484 | Geh:4    | You fall through a shaft for 2 floors!
 66741 | Geh:7    | Entered Level 7 of Gehenna
 66945 | Geh:7    | Reached skill level 27 in Axes
 68102 | Geh:7    | Noticed Asmodeus
 68113 | Geh:7    | Killed Asmodeus
 68115 | Geh:7    | Got a faintly glowing copper ring
 68116 | Geh:7    | Identified the cursed ring "Mouwat" {rC- Dex-3 Slay+4} (You took it off Asmodeus on level 7 of Gehenna)
 68122 | Geh:7    | Got an obsidian rune of Zot
 68123 | Geh:7    | Identified Toulusk's Disquisition on Stolen Souls
 68282 | Hell     | Found a gateway to the Iron City of Dis.
 68395 | Dis:1    | Entered Level 1 of the Iron City of Dis
 68850 | Dis:4    | Reached skill level 27 in Armour
 70664 | Dis:7    | Entered Level 7 of the Iron City of Dis
 71158 | Dis:7    | Reached skill level 10 in Evocations
 71877 | Dis:7    | Reached skill level 27 in Invocations
 72432 | Dis:7    | Reached skill level 1 in Unarmed Combat
 72974 | Dis:7    | HP: 4/264 [iron giant/iron shot (21)]
 72975 | Dis:7    | Killed from afar by an ancient champion

Vault maps used:
D:1:      arrival_aquarium_b, minmay_heptomino_l4
D:2:      lemuel_doored_altar, evilmike_ruin_ashenzari, minivault_5
D:3:      okawaru_trees_1, gup_sewer_entry_bowl, minmay_checkerbox
D:4:      minmay_temple_entry_glassed_door, trog_eyes_of_draining
D:5:      first_bread, nicolae_gozag_cash_rules_everything_around_me,
          uniq_blork_the_orc, uniq_duvessa
D:6:      basic_altar, serial_glass, glass_columns_a, glass_columns_b,
          due_unseen_surprise, item_on_display_a, fedhas_altar_2, uniq_menkaure
D:7:      hangedman_cross_stitches, minmay_holes
D:8:      kennysheep_mini
D:9:      erik_lair_orcish_takeover, serial_shops, shop,
          hangedman_pestilent_swarm, hangedman_misty_isle
D:11:     serial_shops, shop, dpeg_stationary_puzzle, uniq_urug, uniq_nergalle
D:12:     minmay_coctagon, glass_columns_b
D:13:     kennysheep_bubbly
D:14:     cheibrodos_breeding_chamber, hangedman_vaults_entry_quadrant_bands,
          uniq_frances
D:15:     gammafunk_enter_depths_forms, minmay_hedge_maze, serial_shops, shop,
          corner_web_ring, uniq_josephine
Temple:   regret_index_temple_mists
Lair:1:   uniq_grum, uniq_erica, uniq_harold
Lair:2:   portal_ice_cave_entry_pillars_1, roderic_carrion_pond
Lair:3:   nicolae_swamp_entry_splash_gauntlet
Lair:4:   guppyfry_snake_entry_garden, special_room
Lair:5:   minmay_slime_entry_oklob_open, basic_altar, grunt_megastairs_3
Lair:6:   minmay_lair_end_enchanted_forest, minivault_29
Swamp:1:  evilmike_swamp_ruin_rubble_2
Swamp:2:  serial_swamp_ruin, evilmike_swamp_ruin_house_4,
          evilmike_swamp_ruin_house_2, hangedman_swamp_ruin_wall, swamp_pool1
Swamp:3:  infiniplex_staircase_pool, swamp_pool3, statue_in_the_mist_lemuel
Swamp:4:  swamp_basic_johnstein, swamp_pool1, uniq_louise
Snake:1:  minmay_snake_river
Snake:2:  serial_shops, nicolae_shop_competitors_out_of_business,
          minmay_shop_star, lemuel_fruit_tree, uniq_vashnia
Snake:3:  basic_altar, nicolae_coiled_stairwell_up
Snake:4:  johnstein_snake_rune_scales, serial_bayou_shore_a, minmay_shop_grove
Orc:1:    serial_shops, shop
Orc:2:    st_orc_town, serial_shops, shop, basic_altar, nicolae_orc_lost_temple
Elf:1:    elf_arrival_001, basic_altar, minmay_elf_annihilation, uniq_kirke
Elf:2:    nooodl_food_tri
Elf:3:    minmay_elf_hall_not_hex, serial_shops, shop_coins
Vaults:1: v_misc_27, v_misc_16, v_pattern_3, v_rooms_4, vaults_dpeg_doors,
          hangedman_vaults_maws, nicolae_vaults_network_quinsquares,
          nicolae_vaults_murderbox, hangedman_vaults_stream,
          vaults_room_fancy_cross, nicolae_vaults_ring_of_whatevers,
          vaults_room_pool, nicolae_vaults_diagonal_hallway_9,
          ontoclasm_vaults_shuriken
Vaults:2: v_misc_19, ontoclasm_vaults_eye, vaults_dpeg_encased_lava, v_misc_27,
          nicolae_vaults_little_squares_6, nicolae_vaults_little_squares_4,
          vaults_room_pool, special_room_vaults, uniq_donald
Vaults:3: vaults_dpeg_cross, minmay_crypt_entry_simple_round, v_misc_13,
          grunt_vaults_hallway_long, ontoclasm_vaults_gateway,
          nicolae_vaults_disjoint_gnomons, v_rooms_6, v_pattern_2, v_rooms_6,
          nicolae_vaults_rhombus_7, v_misc_29, vaults_room_fours, uniq_asterion,
          uniq_xtahua, uniq_aizul
Vaults:4: nicolae_vaults_circle_grid_a, vaults_room_door_ring,
          ontoclasm_vaults_decontamination, nicolae_vaults_inception_corners,
          hangedman_vaults_capsules, ontoclasm_vaults_ring_small,
          grunt_vaults_twisty, nicolae_vaults_quartermaster,
          grunt_vaults_hallway_long, v_misc_26, vaults_mumra_minichess,
          ontoclasm_vaults_pinch
Crypt:1:  minmay_misc_feat_pillars, grunt_crypt_arrival_guarded_gate
Crypt:2:  basic_altar, lemuel_elevator
Crypt:3:  quadcrypt_mu
Depths:1: nicolae_abyss_entry_one_way_or_another, grunt_mini_vestibule,
          hex_medium, serial_bayou_pond_b, minmay_metal_thing
Depths:2: minmay_crescents, enter_ziggurat_f, infiniplex_staircase_zigzag_3,
          serial_column_ruins, column_ruins_portal_squares,
          column_ruins_temple_circle, column_ruins_square_medium,
          column_ruins_grid_1, column_ruins_grid_1, column_ruins_open_tiny,
          column_ruins_open_medium, hell_entry
Depths:3: lemuel_minitomb, grunt_hell_entry_dis_mu, minmay_misc_feat_doors,
          pan_entry, kennysheep_random_hallway
Depths:4: kennysheep_room_grid, hell_entry, abyss_entry,
          hangedman_corner_corridor
Depths:5: grunt_zot_entry_funnels, hangedman_abyss_entry_splay,
          hangedman_decor_peaks_small, hell_entry, serial_shops, shop,
          serial_bayou_shore_b
Dis:4:    grunt_dis_stairs_iron_hall
Dis:6:    hangedman_dis_decor_tower, hangedman_player_shredder
Dis:7:    iron_city_of_dis, nicolae_dis_lava_storage_tank
Geh:7:    geh_grunt_pentagon
Sewer:    sewer_kobolds
IceCv:    ice_cave_small_demon

Skill      XL: |  1  2  3  4  5  6  7  8  9 10 11 12 13 14 15 16 17 18 19 20 21 22 23 24 25 26 27 |
---------------+----------------------------------------------------------------------------------+-----
Fighting       | 3 4 5 6 7 9 10 11 13 14 15 16 17 18 19 21 23 25 27 | 27.0
Armour         | 1 2 3 4 5 6 7 8 9 10 12 13 14 16 18 20 21 23 24 25 27 | 27.0
Dodging        | 3 4 5 |  5.5
Axes           | 5 6 7 8 9 11 13 14 16 18 20 21 22 23 24 25 27 | 27.0
Shields        | 1 2 3 4 5 7 9 11 | 11.4
Throwing       | 2 |  2.0
Invocations    | 2 4 6 9 10 12 13 14 15 17 22 27 | 27.0
Evocations     | 1 8 13 | 13.8
Maces & Flails | 1 2 |  2.1
Unarmed Combat | 1 |  1.3
Stealth        | |  0.3
Spellcasting   | |  0.8

Action                   |  1- 3 |  4- 6 |  7- 9 | 10-12 | 13-15 | 16-18 | 19-21 | 22-24 | 25-27 || total
-------------------------+-------+-------+-------+-------+-------+-------+-------+-------+-------++-------
Melee: War axe           |   143 |   233 |   236 |   825 |  1127 |       |       |       |       ||  2564
       Battleaxe         |       |       |    75 |       |       |       |       |       |       ||    75
       Mace              |       |       |       |       |    27 |       |       |       |       ||    27
       Executioner's axe |       |       |       |       |   286 |   974 |  1032 |  1102 |  1948 ||  5342
       Dire flail        |       |       |       |       |       |    12 |       |    11 |       ||    23
 Fire: Blowgun           |       |    16 |    37 |    13 |       |       |       |       |       ||    66
Throw: Throwing net      |       |       |     6 |     2 |       |     1 |       |       |       ||     9
       Tomahawk          |       |       |       |       |     3 |       |       |       |       ||     3
Invok: Recite            |       |       |     9 |    25 |    23 |    21 |    42 |    27 |    39 ||   186
       Donate Gold       |       |       |       |     1 |       |       |       |       |     1 ||     2
       Vitalisation      |       |       |       |     4 |     9 |     5 |     1 |     4 |     3 ||    26
       Imprison          |       |       |       |       |       |       |     1 |     1 |       ||     2
       Divine Shield     |       |       |       |       |       |       |       |       |     1 ||     1
       Brand Weapon With |       |       |       |       |       |       |       |       |     1 ||     1
Evoke: Wand              |       |       |       |     7 |       |     1 |     2 |       |       ||    10
       Lightning rod     |       |       |       |       |       |     4 |       |       |     1 ||     5
       Sack of spiders   |       |       |       |       |       |       |     4 |     3 |       ||     7
       Lamp of fire      |       |       |       |       |       |       |     2 |     1 |       ||     3
       Phial of floods   |       |       |       |       |       |       |       |     1 |       ||     1
  Use: Scroll            |       |     9 |     3 |    17 |    21 |     8 |     7 |    12 |    25 ||   102
       Potion            |       |     1 |       |     5 |     6 |       |     1 |    13 |     3 ||    29
 Stab: Held in net/web   |       |       |     1 |     2 |       |     1 |       |       |       ||     4
       Confused          |       |       |       |     5 |     9 |    13 |    45 |    21 |    29 ||   122
       Paralysed         |       |       |       |    18 |    10 |     6 |    15 |     6 |     9 ||    64
       Invisible         |       |       |       |     6 |     2 |       |       |     3 |       ||    11
       Distracted        |       |       |       |       |       |       |     1 |     1 |       ||     2
  Eat: Chunk             |     2 |     7 |    10 |     8 |    11 |     4 |     3 |       |     4 ||    49
       Fruit             |       |       |     2 |     7 |     5 |     4 |     3 |     2 |     5 ||    28
       Royal jelly       |       |       |       |     8 |    11 |     3 |     8 |     3 |     4 ||    37
       Meat ration       |       |       |       |       |       |     4 |     2 |     4 |     8 ||    18
Armor: Leather armour    |    57 |    43 |       |       |       |       |       |       |       ||   100
       Ring mail         |       |     2 |    41 |       |       |       |       |       |       ||    43
       Scale mail        |       |       |    38 |    23 |       |       |       |       |       ||    61
       Chain mail        |       |       |     8 |       |       |       |       |       |       ||     8
       Plate armour      |       |       |       |   247 |   746 |    18 |       |       |       ||  1011
       Gold dragon scale |       |       |       |       |       |   675 |   542 |   771 |  1226 ||  3214
Dodge: Dodged            |   123 |   115 |   141 |   165 |   351 |   429 |   355 |   508 |   640 ||  2827
Block: Buckler           |     4 |    90 |    91 |    80 |       |       |       |       |       ||   265
       Reflection        |       |     4 |     1 |    11 |    15 |       |       |       |       ||    31
       Other             |       |       |    19 |       |    52 |    55 |       |       |     2 ||   128
       Shield            |       |       |       |   322 |   960 |       |       |       |       ||  1282
